Map: Ascension to Aiur LE

Players

SamuraiFunn

  • Race: Protoss Protoss
  • League: Platinum
  • Spawn Location: 5:00

A.I. 1 (Very Hard) - Winner!

  • Race: Terran Terran
  • Spawn Location: 11:00

VOD

Have the link to the VOD?

Description

Time

  • Played on: Nov. 28, 2017, 10:19 p.m.
  • Length: 9:25
Show
View Real Time Build Order
Export as new Build Order

SamuraiFunn Protoss 

Build Orders:  

Get SALT Encoding   

  12  0:01  Probe  
  13  0:13  Probe  
  14  0:20  Pylon  
  14  0:25  Probe  
  15  0:38  Probe (Chrono Boost)  
  16  0:45  Gateway  
  17  0:50  Probe (Chrono Boost)  
  17  0:54  Probe (Chrono Boost)  
  18  1:03  Assimilator  
  19  1:04  Probe  
  19  1:11  Pylon  
  19  1:16  Probe  
  20  1:21  Assimilator  
  20  1:28  Probe  
  21  1:36  Zealot (Chrono Boost)  
  23  1:40  Probe  
  23  1:42  Cybernetics Core  
  24  1:52  Probe  
  25  2:04  Gateway  
  25  2:09  Probe  
  26  2:18  Warp Gate (Chrono Boost)  
  26  2:21  Probe  
  27  2:24  Nexus  
  27  2:33  Probe  
  28  2:41  Robotics Facility  
  28  2:48  Stalker  
  30  3:04  Probe, Pylon  
  31  3:22  Probe, Stalker  
  34  3:35  Observer  
  34  3:38  Probe (Chrono Boost)  
  34  3:40  Probe (Chrono Boost)  
  37  3:42  Gateway  
  37  3:50  Probe (Chrono Boost)  
  40  3:58  Probe x2 (Chrono Boost)  
  40  4:01  Robotics Bay  
  40  4:02  Probe  
  41  4:04  Probe  
  42  4:12  Gateway  
  42  4:14  Probe  
  42  4:16  Probe  
  44  4:17  Stalker x2  
  48  4:28  Probe  
  49  4:36  Probe  
  50  4:41  Assimilator  
  50  4:42  Stalker x2  
  50  4:44  Assimilator  
  54  4:48  Pylon  
  54  5:02  Pylon  
  54  5:05  Pylon  
  54  5:06  Probe  
  55  5:07  Probe  
  55  5:08  Pylon  
  55  5:09  Immortal  
  60  5:26  Probe x2  
  62  5:33  Nexus  
  62  5:37  Pylon  
  62  5:38  Probe x2  
  62  5:41  Pylon  
  64  5:54  Probe x2  
  66  6:03  Stalker x3  
  66  6:04  Stalker  
  74  6:06  Probe x2  
  74  6:08  Assimilator  
  76  6:14  Assimilator  
  77  6:18  Probe x2  
  78  6:26  Colossus  
  78  6:30  Probe x2  
  86  6:35  Extended Thermal Lance  
  86  6:42  Probe  
  86  6:43  Probe  
  88  6:47  Robotics Facility  
  88  6:49  Probe  
  88  6:53  Forge x2  
  89  6:54  Stalker  
  89  6:55  Probe  
  89  6:57  Stalker  
  89  6:58  Forge  
  89  6:59  Stalker  
  96  7:02  Probe x2  
  96  7:08  Stalker  
  100  7:14  Probe  
  100  7:15  Probe x2  
  103  7:19  Colossus  
  109  7:27  Probe x3  
  109  7:29  Protoss Ground Armor Level 1 (Chrono Boost), Protoss Ground Weapons Level 1 (Chrono Boost)  
  112  7:33  Protoss Shields Level 1 (Chrono Boost)  
  112  7:39  Stalker x2  
  116  7:49  Pylon  
  116  8:09  Nexus  
  116  8:12  Pylon  
  116  8:14  Pylon  
  116  8:16  Pylon  
  116  8:19  Assimilator  
  116  8:21  Colossus  
  116  8:24  Assimilator  
  122  8:29  Colossus  
  122  8:32  Pylon  
  127  8:35  Pylon  
  127  8:40  Pylon  
  97  9:04  Stalker x2  
  97  9:05  Stalker x2  
Show
View Real Time Build Order
Export as new Build Order

A.I. 1 (Very Hard) Terran - Winner!

Build Orders: MMM Bio 

Get SALT Encoding   

  12  0:00  SCV  
  13  0:13  SCV  
  14  0:19  Supply Depot  
  14  0:25  SCV  
  15  0:40  SCV  
  15  0:42  Barracks  
  16  0:52  SCV  
  17  1:04  SCV  
  18  1:16  SCV  
  19  1:20  Command Center  
  19  1:30  Marine  
  20  1:34  Orbital Command  
  20  1:41  Refinery  
  20  1:47  Marine  
  20  1:53  Supply Depot  
  21  2:00  SCV  
  22  2:05  Marine  
  23  2:13  Barracks  
  23  2:14  SCV  
  24  2:18  Refinery  
  24  2:23  Marine  
  24  2:26  SCV  
  26  2:32  SCV, Supply Depot  
  27  2:45  Orbital Command  
  27  2:47  Marine  
  27  2:50  SCV  
  29  3:01  Factory  
  29  3:02  SCV  
  29  3:03  Marine  
  31  3:06  Marine  
  31  3:11  SCV  
  33  3:14  SCV  
  34  3:21  Marine  
  34  3:23  SCV  
  34  3:24  Marine  
  34  3:26  SCV  
  38  3:31  Barracks  
  38  3:35  SCV  
  38  3:38  SCV  
  38  3:40  Barracks Tech Lab  
  40  3:43  Barracks Tech Lab  
  40  3:45  Factory Tech Lab  
  40  3:48  Starport  
  40  3:49  SCV  
  40  3:50  SCV  
  42  3:58  Marine  
  42  4:00  Stimpack  
  42  4:01  SCV, Marine  
  46  4:02  SCV, Combat Shields  
  46  4:08  Supply Depot  
  46  4:14  SCV  
  46  4:15  SCV, Marine  
  49  4:18  Marine  
  49  4:19  Marine  
  51  4:25  Medivac  
  51  4:30  SCV x2  
  55  4:33  Marine, Supply Depot  
  55  4:35  Supply Depot  
  55  4:36  Marine  
  57  4:41  Marine  
  58  4:46  SCV x2  
  58  4:52  Marauder  
  62  4:55  Medivac, Marauder  
  62  4:58  Supply Depot  
  62  4:59  Marine  
  67  5:03  SCV, Supply Depot  
  67  5:04  Refinery  
  67  5:05  SCV  
  69  5:10  Refinery  
  69  5:13  Marauder  
  71  5:15  SCV  
  71  5:17  SCV, Marauder  
  71  5:18  Barracks Reactor  
  75  5:27  SCV, Engineering Bay  
  76  5:29  SCV  
  76  5:34  Marauder  
  76  5:35  Engineering Bay  
  79  5:38  Marauder  
  79  5:39  SCV  
  79  5:41  SCV  
  83  5:43  Supply Depot  
  83  5:52  SCV  
  83  5:53  SCV, Terran Infantry Armor Level 1  
  83  5:56  Barracks, Marauder  
  87  5:57  Missile Turret  
  87  5:59  Starport Reactor, Marauder, Missile Turret  
  87  6:00  Terran Infantry Weapons Level 1  
  87  6:04  SCV, Concussive Shells  
  89  6:07  Supply Depot  
  89  6:11  Marine  
  89  6:12  Marine  
  89  6:17  Marauder  
  93  6:21  Marauder  
  95  6:26  Missile Turret  
  95  6:33  Supply Depot  
  95  6:35  Medivac, Viking  
  95  6:39  Marauder  
  101  6:42  Marauder  
  101  6:46  Missile Turret  
  103  6:49  Command Center  
  103  6:57  Supply Depot  
  103  7:00  Marauder  
  105  7:03  Marauder  
  105  7:05  Medivac, Viking  
  111  7:13  Missile Turret  
  111  7:21  Supply Depot, Marauder  
  113  7:24  Factory  
  113  7:25  Marauder  
  115  7:35  Starport, Viking  
  117  7:42  Viking  
  119  7:44  Supply Depot  
  119  8:01  SCV  
  119  8:02  SCV x2  
  119  8:03  Refinery  
  119  8:05  Viking  
  124  8:12  Viking  
  126  8:13  SCV  
  126  8:17  Missile Turret, Starport Tech Lab, Orbital Command  
  126  8:19  Armory  
  127  8:20  SCV, Factory Tech Lab, Missile Turret  
  127  8:26  SCV  
  129  8:32  SCV  
  130  8:38  SCV, Raven  
  133  8:44  SCV  
  133  8:45  SCV  
  133  8:46  Command Center  
  135  8:50  SCV  
  136  8:56  SCV  
  136  8:57  SCV, Marine  
  136  8:58  Marine  
  136  9:01  Marine  
  136  9:02  SCV, Marine  
  135  9:03  Marine  
  135  9:09  SCV  
  134  9:10  SCV  
  143  9:24  Barracks  
Tags
 
Composition
MMM Bio
League
Platinum
Matchup
PvT
Replay Pack
First 100 games
Spawn Locations
Cross Positions
Add a new tag
Caveats
  • Supply blocks, unpowered buildings, or Contaminate may cause inaccurate times.
  • Supply counts are checked every 10 seconds.